[ PARTIDA AOE2 · #488289446 ]
UnrankedPortugueses vs Mongols
Equipo del jugador · DERR
Equipo rival · VICT
[ ANÁLISIS DE REPETICIÓN · EXTRAÍDO DE LA PARTIDA GRABADA ]
Feudal
10:07
Castillos
13:45
Imperial
28:08
| APM promedio | 62.3 |
| APM pico | 99 |
| eAPM promedio | 23.5 |
| Aldeanos / militares | 87 / 127 |
Foco
⚔️ 32.2% · 🌾 67.8%
Archer ×82 · Organ Gun ×20 · Knight ×8 · Trebuchet (Packed) ×7 · Skirmisher ×5 · Scout Cavalry ×4
Feudal
9:16
Castillos
16:57
Imperial
33:29
| APM promedio | 43.9 |
| APM pico | 75 |
| eAPM promedio | 23.2 |
| Aldeanos / militares | 101 / 94 |
Foco
⚔️ 31.7% · 🌾 68.3%
Scout Cavalry ×55 · Camel Scout ×14 · Mangonel ×11 · Battering Ram ×6 · Trebuchet (Packed) ×3 · Monk ×2
Mapa de la partida
Recursos iniciales + cada clic de construcción. Líneas = muros · curvas = relieve. ◆ oro · ⬟ piedra · ● bayas · ✦ reliquia · ◌ hueco del cierre
Tu base· ✓ Cerrada en 13:45 · 9t muro · 1 puerta(s)
Base de HellionBlue· ✓ Cerrada en 16:57 · 10t muro · 2 puerta(s)
Terreno inicial suavizado · ◌ = hueco del cierre detectado · pasá el cursor para detalles
Inputs por minuto
— Monky Khan | Malillos - - HellionBlue
Build order — Monky Khan | Malillos
Primeras 150 de 279 acciones detectadas
| 0:00 | Crear | Villager (Male) |
| 0:01 | Crear | Villager (Male) |
| 0:02 | Construir | House |
| 0:03 | Construir | House |
| 0:08 | Crear | Villager (Male) |
| 0:08 | Crear | Villager (Male) |
| 1:27 | Crear | Villager (Male) |
| 1:27 | Crear | Villager (Male) |
| 1:59 | Construir | Lumber Camp |
| 2:02 | Crear | Villager (Male) |
| 2:03 | Crear | Villager (Male) |
| 2:19 | Crear | Villager (Male) |
| 2:19 | Crear | Villager (Male) |
| 2:45 | Crear | Villager (Male) |
| 3:13 | Crear | Villager (Male) |
| 3:29 | Construir | House |
| 3:42 | Crear | Villager (Male) |
| 3:42 | Crear | Villager (Male) |
| 3:48 | Construir | House |
| 4:07 | Construir | Palisade Wall |
| 4:09 | Crear | Villager (Male) |
| 4:09 | Crear | Villager (Male) |
| 4:22 | Crear | Villager (Male) |
| 4:23 | Crear | Villager (Male) |
| 5:09 | Construir | Mill |
| 5:20 | Crear | Villager (Male) |
| 5:25 | Crear | Villager (Male) |
| 5:47 | Crear | Villager (Male) |
| 5:51 | Crear | Villager (Male) |
| 5:51 | Crear | Villager (Male) |
| 6:47 | Crear | Villager (Male) |
| 7:30 | Construir | Mining Camp |
| 7:32 | Crear | Villager (Male) |
| 7:32 | Crear | Villager (Male) |
| 7:55 | Investigar | Feudal Age |
| 8:40 | Construir | House |
| 9:26 | Construir | Palisade Gate |
| 9:31 | Crear | Villager (Male) |
| 10:02 | Crear | Villager (Male) |
| 10:07 | Edad | Edad Feudal |
| 10:11 | Construir | Market |
| 10:13 | Construir | Blacksmith |
| 11:05 | Investigar | Castle Age |
| 11:23 | Investigar | Double-Bit Axe |
| 12:49 | Crear | Villager (Male) |
| 13:36 | Crear | Villager (Male) |
| 13:45 | Edad | Edad de los Castillos |
| 13:46 | Crear | Villager (Male) |
| 14:02 | Investigar | Bow Saw |
| 14:03 | Crear | Villager (Male) |
| 14:32 | Investigar | Loom |
| 14:43 | Construir | House |
| 15:02 | Construir | Castle |
| 15:04 | Crear | Villager (Male) |
| 15:08 | Crear | Villager (Male) |
| 15:14 | Crear | Villager (Male) |
| 15:59 | Crear | Villager (Male) |
| 16:04 | Construir | Mining Camp |
| 16:12 | Construir | House |
| 16:26 | Construir | Farm |
| 16:44 | Construir | Stone Wall |
| 17:05 | Crear | Organ Gun |
| 17:05 | Crear | Organ Gun |
| 17:05 | Crear | Organ Gun |
| 17:37 | Crear | Organ Gun |
| 17:37 | Crear | Organ Gun |
| 17:48 | Crear | Villager (Male) |
| 17:51 | Construir | Farm |
| 18:00 | Crear | Organ Gun |
| 18:08 | Construir | Farm |
| 18:12 | Construir | Farm |
| 18:16 | Construir | House |
| 18:29 | Crear | Organ Gun |
| 18:30 | Crear | Organ Gun |
| 18:35 | Construir | Farm |
| 18:47 | Crear | Organ Gun |
| 18:53 | Construir | Farm |
| 18:53 | Construir | Farm |
| 18:53 | Construir | Farm |
| 18:53 | Construir | Farm |
| 18:54 | Construir | Farm |
| 19:04 | Crear | Villager (Male) |
| 19:20 | Crear | Organ Gun |
| 19:30 | Crear | Villager (Male) |
| 19:53 | Crear | Villager (Male) |
| 19:54 | Crear | Villager (Male) |
| 20:05 | Crear | Organ Gun |
| 20:25 | Crear | Villager (Male) |
| 20:31 | Construir | House |
| 20:46 | Crear | Organ Gun |
| 20:48 | Crear | Villager (Male) |
| 20:55 | Construir | Farm |
| 21:27 | Crear | Organ Gun |
| 21:28 | Crear | Organ Gun |
| 21:31 | Crear | Villager (Male) |
| 21:36 | Construir | Farm |
| 21:44 | Construir | Lumber Camp |
| 21:45 | Crear | Villager (Male) |
| 21:56 | Crear | Organ Gun |
| 21:57 | Crear | Villager (Male) |
| 22:04 | Construir | Farm |
| 22:07 | Construir | Farm |
| 22:09 | Crear | Villager (Male) |
| 22:30 | Crear | Villager (Male) |
| 22:42 | Crear | Villager (Male) |
| 22:48 | Construir | Monastery |
| 22:52 | Crear | Villager (Male) |
| 22:56 | Construir | Farm |
| 22:59 | Construir | Farm |
| 23:10 | Construir | Farm |
| 23:41 | Crear | Monk |
| 24:02 | Crear | Villager (Male) |
| 24:58 | Investigar | Imperial Age |
| 24:58 | Investigar | Imperial Age |
| 25:23 | Crear | Villager (Male) |
| 25:50 | Crear | Villager (Male) |
| 25:52 | Crear | Villager (Male) |
| 25:58 | Construir | Barracks |
| 26:26 | Investigar | Fletching |
| 26:49 | Crear | Organ Gun |
| 26:49 | Crear | Organ Gun |
| 26:57 | Investigar | Bodkin Arrow |
| 27:04 | Construir | Archery Range |
| 27:08 | Crear | Villager (Male) |
| 27:32 | Crear | Villager (Male) |
| 27:41 | Investigar | Padded Archer Armor |
| 27:46 | Construir | Archery Range |
| 28:08 | Edad | Edad Imperial |
| 28:08 | Crear | Trebuchet (Packed) |
| 28:09 | Crear | Trebuchet (Packed) |
| 28:09 | Crear | Trebuchet (Packed) |
| 28:09 | Crear | Trebuchet (Packed) |
| 28:23 | Construir | Farm |
| 28:25 | Construir | Farm |
| 28:25 | Construir | Farm |
| 28:25 | Construir | Farm |
| 28:30 | Investigar | Crossbowman (upgrade) |
| 29:01 | Crear | Trebuchet (Packed) |
| 29:19 | Construir | Farm |
| 29:21 | Construir | Lumber Camp |
| 29:32 | Investigar | Bracer |
| 29:51 | Crear | Archer ×2 |
| 29:52 | Crear | Archer ×2 |
| 29:52 | Crear | Archer ×2 |
| 30:00 | Crear | Villager (Male) |
| 30:02 | Construir | Stable |
| 30:18 | Crear | Villager (Male) |
| 30:33 | Crear | Archer |
| 30:33 | Crear | Archer |
| 30:33 | Crear | Archer |
Build order — HellionBlue
Primeras 150 de 261 acciones detectadas
| 0:01 | Crear | Villager (Male) |
| 0:01 | Crear | Villager (Male) |
| 0:02 | Construir | House |
| 0:02 | Crear | Villager (Male) |
| 0:02 | Crear | Villager (Male) |
| 0:05 | Construir | House |
| 1:32 | Crear | Villager (Male) |
| 1:32 | Crear | Villager (Male) |
| 1:45 | Construir | Lumber Camp |
| 2:00 | Crear | Villager (Male) |
| 2:18 | Crear | Villager (Male) |
| 2:37 | Crear | Villager (Male) |
| 3:15 | Construir | House |
| 3:34 | Crear | Villager (Male) |
| 3:34 | Crear | Villager (Male) |
| 3:35 | Crear | Villager (Male) |
| 4:13 | Construir | Mill |
| 4:20 | Crear | Villager (Male) |
| 4:21 | Crear | Villager (Male) |
| 4:21 | Crear | Villager (Male) |
| 4:21 | Crear | Villager (Male) |
| 4:45 | Crear | Villager (Male) |
| 4:46 | Crear | Villager (Male) |
| 4:46 | Crear | Villager (Male) |
| 5:58 | Construir | House |
| 6:24 | Construir | Mining Camp |
| 6:50 | Investigar | Feudal Age |
| 7:49 | Construir | Barracks |
| 8:08 | Crear | Villager (Male) |
| 8:11 | Investigar | Loom |
| 8:11 | Crear | Villager (Male) |
| 8:23 | Construir | House |
| 8:45 | Construir | Palisade Gate |
| 9:16 | Edad | Edad Feudal |
| 9:25 | Construir | Stable |
| 9:43 | Crear | Villager (Male) |
| 10:19 | Construir | Archery Range |
| 10:30 | Crear | Spearman |
| 10:32 | Crear | Villager (Male) |
| 10:32 | Crear | Villager (Male) |
| 10:34 | Crear | Villager (Male) |
| 10:34 | Crear | Villager (Male) |
| 10:35 | Crear | Villager (Male) |
| 11:05 | Construir | Mining Camp |
| 11:44 | Construir | House |
| 11:46 | Construir | House |
| 12:38 | Crear | Villager (Male) |
| 12:39 | Crear | Villager (Male) |
| 13:09 | Construir | House |
| 13:14 | Crear | Villager (Male) |
| 13:38 | Construir | Mill |
| 13:54 | Crear | Villager (Male) |
| 14:17 | Investigar | Castle Age |
| 14:36 | Construir | Blacksmith |
| 14:57 | Crear | Scout Cavalry |
| 15:20 | Crear | Villager (Male) |
| 15:25 | Construir | Stable |
| 15:28 | Construir | Lumber Camp |
| 15:47 | Construir | Gate |
| 15:49 | Construir | Stone Wall |
| 16:14 | Construir | Stone Wall |
| 16:15 | Construir | Stone Wall |
| 16:16 | Construir | Stone Wall |
| 16:16 | Construir | Stone Wall |
| 16:16 | Construir | Stone Wall |
| 16:17 | Construir | Stone Wall |
| 16:17 | Construir | Stone Wall |
| 16:30 | Crear | Spearman |
| 16:48 | Investigar | Double-Bit Axe |
| 16:57 | Edad | Edad de los Castillos |
| 17:11 | Construir | Town Center |
| 17:20 | Construir | Siege Workshop |
| 17:27 | Crear | Villager (Male) |
| 17:27 | Crear | Villager (Male) |
| 17:28 | Crear | Villager (Male) |
| 17:52 | Crear | Villager (Male) |
| 17:55 | Construir | Mining Camp |
| 18:02 | Crear | Villager (Male) |
| 18:02 | Crear | Villager (Male) |
| 18:11 | Investigar | Wheelbarrow |
| 18:23 | Crear | Mangonel |
| 18:40 | Crear | Villager (Male) |
| 19:10 | Crear | Mangonel |
| 19:46 | Construir | Market |
| 20:14 | Construir | Stable |
| 20:22 | Construir | Farm |
| 20:22 | Construir | Farm |
| 20:23 | Construir | Farm |
| 20:23 | Construir | Farm |
| 20:23 | Construir | Farm |
| 20:50 | Construir | Siege Workshop |
| 20:59 | Construir | Farm |
| 20:59 | Construir | Farm |
| 21:00 | Construir | Farm |
| 21:17 | Crear | Mangonel |
| 21:39 | Construir | Farm |
| 21:39 | Construir | Farm |
| 21:40 | Construir | Farm |
| 21:40 | Construir | Farm |
| 21:40 | Construir | Farm |
| 21:40 | Construir | Farm |
| 22:06 | Construir | Mining Camp |
| 22:19 | Investigar | Town Watch |
| 22:45 | Construir | Watch Tower |
| 22:52 | Crear | Scout Cavalry |
| 22:59 | Crear | Villager (Male) |
| 23:04 | Construir | Farm |
| 23:04 | Construir | Farm |
| 23:04 | Construir | Farm |
| 23:04 | Construir | Farm |
| 23:05 | Construir | Farm |
| 23:05 | Construir | Farm |
| 23:05 | Construir | Farm |
| 23:06 | Construir | Farm |
| 23:06 | Construir | Farm |
| 23:06 | Construir | Farm |
| 23:06 | Construir | Farm |
| 23:27 | Crear | Villager (Male) |
| 23:40 | Crear | Villager (Male) |
| 23:43 | Construir | Farm |
| 23:44 | Construir | Farm |
| 23:55 | Crear | Villager (Male) |
| 24:10 | Construir | Monastery |
| 24:25 | Crear | Villager (Male) |
| 24:25 | Crear | Villager (Male) |
| 24:26 | Crear | Villager (Male) |
| 24:28 | Construir | House |
| 24:31 | Construir | House |
| 24:31 | Construir | House |
| 24:32 | Construir | House |
| 24:33 | Construir | House |
| 24:34 | Construir | House |
| 24:35 | Construir | House |
| 24:57 | Crear | Villager (Male) |
| 24:57 | Crear | Villager (Male) |
| 24:58 | Crear | Villager (Male) |
| 24:58 | Crear | Villager (Male) |
| 25:02 | Crear | Monk |
| 25:06 | Crear | Scout Cavalry |
| 25:23 | Crear | Monk |
| 25:34 | Crear | Scout Cavalry |
| 25:34 | Crear | Scout Cavalry |
| 25:38 | Investigar | Light Cavalry (upgrade) |
| 25:38 | Crear | Scout Cavalry |
| 25:48 | Crear | Villager (Male) |
| 25:48 | Crear | Villager (Male) |
| 26:08 | Crear | Villager (Male) |
| 26:09 | Crear | Villager (Male) |
| 26:19 | Construir | Farm |
| 26:27 | Construir | Farm |
Cronología de la partida
| 4:07 | Monky Khan | Malillos · wall_segment Palisade Wall x9 |
| 7:49 | HellionBlue · first_building Barracks |
| 9:16 | HellionBlue · age_up feudal |
| 9:25 | HellionBlue · first_building Stable |
| 10:07 | Monky Khan | Malillos · age_up feudal |
| 10:19 | HellionBlue · first_building Archery Range |
| 11:01 | Monky Khan | Malillos · first_market_sell 100 wood |
| 13:34 | Monky Khan | Malillos · first_market_buy 100 stone |
| 13:45 | Monky Khan | Malillos · age_up castle |
| 15:02 | Monky Khan | Malillos · first_building Castle |
| 15:49 | HellionBlue · wall_segment Stone Wall x3 |
| 16:14 | HellionBlue · wall_segment Stone Wall x3 |
| 16:15 | HellionBlue · wall_segment Stone Wall x2 |
| 16:16 | HellionBlue · wall_segment Stone Wall x1 |
| 16:16 | HellionBlue · wall_segment Stone Wall x1 |
| 16:16 | HellionBlue · wall_segment Stone Wall x2 |
| 16:17 | HellionBlue · wall_segment Stone Wall x1 |
| 16:17 | HellionBlue · wall_segment Stone Wall x1 |
| 16:44 | Monky Khan | Malillos · wall_segment Stone Wall x15 |
| 16:57 | HellionBlue · age_up castle |
| 17:20 | HellionBlue · first_building Siege Workshop |
| 22:48 | Monky Khan | Malillos · first_building Monastery |
| 24:10 | HellionBlue · first_building Monastery |
| 25:58 | Monky Khan | Malillos · first_building Barracks |
| 27:04 | Monky Khan | Malillos · first_building Archery Range |
| 28:08 | Monky Khan | Malillos · age_up imperial |
| 29:24 | HellionBlue · first_building Castle |
| 30:02 | Monky Khan | Malillos · first_building Stable |
| 30:07 | HellionBlue · wall_segment Stone Wall x14 |
| 30:13 | HellionBlue · first_market_sell 500 food |
| 31:17 | HellionBlue · wall_segment Stone Wall x10 |
| 31:25 | HellionBlue · wall_segment Stone Wall x9 |
| 31:30 | HellionBlue · wall_segment Stone Wall x8 |
| 32:13 | HellionBlue · wall_segment Stone Wall x1 |
| 32:13 | HellionBlue · wall_segment Stone Wall x1 |
| 33:29 | HellionBlue · age_up imperial |
| 33:40 | HellionBlue · first_market_buy 500 wood |
| 43:39 | Monky Khan | Malillos · resign |
[ ANÁLISIS IA · 1 CRÉDITO ]
¿Qué pasó realmente en esta partida?
Wolo.gg analiza cada decisión: build order, eco, micro, errores típicos por bracket. Análisis personalizado por WhatsApp o Discord en 30 segundos.
Guía civ
Portugueses
Perfil
Monky Khan | Malillos